 Dungeon Crawl Stone Soup version 0.21-a0-201-g8501b10 (webtiles) character file.

118 tehllama the Insei (level 5, -9/33 HPs)
             Began as an Octopode Transmuter on Aug 18, 2017.
             Mangled by an orc
             ... wielding a +0 whip of electrocution
              (13 damage)
             ... on level 4 of the Dungeon.
             The game lasted 00:03:39 (1364 turns).

tehllama the Insei (Octopode Transmuter)            Turns: 1364, Time: 00:03:40

Health: -9/33      AC:  1    Str: 10    XL:     5   Next: 2%
Magic:  7/8        EV: 13    Int: 15    God:
Gold:   24         SH:  0    Dex: 13    Spells: 7/8 levels left

rFire    . . .     SeeInvis .     - Unarmed
rCold    . . .     Gourm    .   (no shield)
rNeg     . . .     Faith    .   (helmet restricted)
rPois    .         Spirit   .   (no amulet)
rElec    .         Reflect  .   (no ring)
rCorr    .         Harm     .   (no ring)
MR       .....                  (no ring)
Stlth    +++.......             (no ring)
HPRegen  0.11/turn              (no ring)
MPRegen  0.11/turn              (no ring)
                                (no ring)
                                (no ring)

@: appendage (expiring)
A: almost no armour, stealthy swim, amphibious, 8 rings, constrict 8, tentacle
spike 3, camouflage 1, gelatinous body 1
a: End Transformation


You were on level 4 of the Dungeon.
You were not hungry.
One of your tentacles had a temporary spike.
You visited 1 branch of the dungeon, and saw 4 of its levels.

You collected 24 gold pieces.

Inventory:

Missiles
 a - 12 arrows
Scrolls
 e - a scroll of amnesia {unknown}
 f - a scroll of teleportation {unknown}
 g - a scroll of identify {unknown}
 h - a scroll of recharging {unknown}
 i - a scroll of enchant armour {unknown}
Potions
 j - a potion of ambrosia {unknown}
 k - a potion of invisibility {unknown}
Books
 b - a book of Changes

   Spells                             Type                      Level
   a - Beastly Appendage              Transmutation                1
   b - Sticks to Snakes               Transmutation                2
   c - Spider Form                    Transmutation/Poison         3
   d - Ice Form                       Ice/Transmutation            4
   e - Blade Hands                    Transmutation                5
Comestibles
 c - a bread ration
 d - 2 chunks of flesh


   Skills:
 - Level 1.0 Fighting
 - Level 2.0 Dodging
 + Level 3.6 Stealth
 + Level 4.8 Unarmed Combat
 - Level 2.0 Spellcasting
 - Level 2.0 Transmutations


You had 7 spell levels left.
You knew the following spells:

 Your Spells              Type           Power        Failure   Level  Hunger
a - Beastly Appendage     Tmut           #.....       10%         1    #......


Dungeon Overview and Level Annotations

Branches:
Dungeon (4/15)
 Temple: D:4-7

Altars:
Sif Muna


Innate Abilities, Weirdness & Mutations

You cannot wear most types of armour.
You are very stealthy in the water. (Stealth+)
You are amphibious.
You can wear up to eight rings at the same time.
You can use your tentacles to constrict eight enemies at once.
Your skin changes colour to match your surroundings (Stealth+).
Your rubbery body absorbs attacks. (AC +1, EV +1)
One of your tentacles bears a large vicious spike.


Message History

The orc priest is heavily wounded.
You constrict the orc priest, but do no damage.
The orc priest invokes the aid of Beogh against you.
Beogh smites you!
* * * LOW HITPOINT WARNING * * *
You hear a shout!
You tentacle-slap the orc priest.
You pierce the orc priest.
You kill the orc priest!
You have reached level 5!
You feel agile.
You start resting.
Your transformation is almost over.
An orc comes into view. It is wielding a whip of electrocution.
An orc is nearby!
You see here a ring mail.
You tentacle-slap the orc. Your grab misses the orc.
Your tentacle spike misses the orc.
The orc is almost dead.
The orc hits you but does no damage.
You are electrocuted!
You die...

#. #.# #.# #####
#.##....
##.......#
##.##...#.###
#..##.[.....(
####.?##...#.#
##.<..#@o[.)..#
#........#...###
#............?...
#.....##.#...###.
##....##........
##.#.#####.####
#.#.# ... #.#..
..... ## ####


You could see an orc.

Vanquished Creatures
  A hound (D:4)
  An orc priest (D:4)
  An adder (D:2)
  An ooze (D:4)
  A dart slug (D:1)
  A leopard gecko (D:1)
  An orc (D:4)
  5 bats (D:1)
  3 giant cockroaches
  2 goblins (D:1)
  7 hobgoblins (D:1)
  6 jackals (D:1)
  2 frilled lizards (D:1)
  2 kobolds
  3 rats (D:1)
37 creatures vanquished.

Notes
Turn   | Place    | Note
-------+----------+-------------------------------------------
     0 | D:1      | tehllama the Octopode Transmuter began the quest for the Orb.
     0 | D:1      | Reached XP level 1. HP: 13/13 MP: 3/3
    53 | D:1      | Reached XP level 2. HP: 13/18 MP: 5/5
   514 | D:1      | Reached skill level 4 in Unarmed Combat
   532 | D:1      | Reached XP level 3. HP: 18/23 MP: 6/6
   751 | D:1      | Reached skill level 1 in Stealth
  1290 | D:2      | You fall through a shaft!
  1290 | D:3      | Found a deep blue altar of Sif Muna.
  1323 | D:4      | Reached XP level 4. HP: 9/28 MP: 5/7
  1356 | D:4      | Reached XP level 5. HP: 4/33 MP: 6/8
  1364 | D:4      | Mangled by an orc

Vault maps used:
D:1:      nicolae_arrival_washed_ashore, grunt_decor_mini_mirrors, minivault_27
D:3:      lemuel_upstairs_altar
D:4:      uniq_edmund

Skill      XL: |  1  2  3 |
---------------+----------+-----
Unarmed Combat | 4 |  4.8
Stealth        | 3 |  3.6
Fighting       | |  1.0
Dodging        | |  2.0
Spellcasting   | |  2.0
Transmutations | |  2.0

Action                   |  1- 3 |  4- 6 || total
-------------------------+-------+-------++-------
Melee: Unarmed           |    81 |     5 ||    86
       Constrict         |    26 |     2 ||    28
       Kick              |    10 |     3 ||    13
       Tentacles         |     5 |     1 ||     6
       Punch             |     2 |       ||     2
 Cast: Beastly Appendage |    11 |     1 ||    12
 Stab: Sleeping          |     6 |       ||     6
       Distracted        |     1 |       ||     1
  Eat: Chunk             |     1 |     1 ||     2
Armor: Skin              |     5 |       ||     5
Dodge: Dodged            |    42 |     1 ||    43
